 Dungeon Crawl Stone Soup version 0.29-a0-841-g116ddc6ace (webtiles) character file.

Game seed: 14897245425621750487

76 gruber the Conjurer (level 4, -2/36 HPs)
             Began as a Tengu Conjurer on July 14, 2022.
             Slain by Edmund
             ... wielding a +0 flail of protection
              (7 damage)
             ... on level 4 of the Dungeon.
             The game lasted 00:01:34 (2547 turns).

gruber the Conjurer (Tengu Conjurer)                Turns: 2547, Time: 00:01:37

Health: -2/36      AC: 22    Str:  7    XL:     4   Next: 32%
Magic:  7/8        EV:  2    Int: 20    God:
Gold:   198        SH:  0    Dex: 13    Spells: 5/8 levels left

rFire   . . .      SeeInvis .   h - +1 short sword (freeze)
rCold   . . .      Faith    .   (no shield)
rNeg    . . .      Spirit   .   (body armour currently unavailable)
rPois   +          Reflect  .   (helmet currently unavailable)
rElec   .          Harm     .   (cloak currently unavailable)
rCorr   +          Rampage  .   (gloves currently unavailable)
Will    .....      NoTele   +   (boots unavailable)
Stlth   ++........              f - amulet of magic regeneration
HPRegen 0.12/turn               j - ring of resist corrosion
MPRegen 0.51/turn               (no ring)

@: tree-form
A: stationary, stasis, torment immunity, boosted hp, (beak), (talons 3)
a: no special abilities


You were on level 4 of the Dungeon.
You were a tree.
You visited 1 branch of the dungeon, and saw 4 of its levels.

You collected 198 gold pieces.

Inventory:

Hand Weapons
 h - a +1 short sword of freezing (weapon)
Missiles
 o - 2 throwing nets
Armour
 a - a +0 robe (melded)
 g - a +0 pair of gloves (melded)
 r - a +0 cloak (melded)
Jewellery
 f - an amulet of magic regeneration (around neck)
 j - a ring of resist corrosion (left branch)
 q - an amulet of reflection
Scrolls
 d - a scroll of blinking {unknown}
 e - 2 scrolls of enchant weapon {unknown}
 i - 4 scrolls of identify {unknown}
 k - a scroll of amnesia {unknown}
 m - 2 scrolls of vulnerability {unknown}
 p - a scroll of summoning {unknown}
 u - a scroll of noise {unknown}
 w - a scroll of fog {unknown}
Potions
 b - 3 potions of magic
 c - a potion of lignification
 l - 3 potions of attraction {unknown}
 n - 2 potions of brilliance {unknown}
 s - 2 potions of degeneration {unknown}
 t - a potion of curing {unknown}
 v - a potion of haste {unknown}


   Skills:
 - Level 2.1 Dodging
 - Level 2.0 Stealth
 + Level 2.6 Spellcasting
 + Level 7.0 Conjurations


You had 5 spell levels left.
You knew the following spells:

 Your Spells              Type           Power      Damage    Failure   Level
a - Magic Dart            Conj           100%       1d8       1%          1
b - Searing Ray           Conj           62%        2d6       1%          2

Your spell library contained the following spells:

 Spells                   Type           Power      Damage    Failure   Level
 Dazzling Flash           Conj/Hex       32%        N/A       11%         3
 Fulminant Prism          Conj/Hex       8%         3d7       34%         4
 Iskenderun's Mystic Bla  Conj/Tloc      16%        2d5       34%         4
 Gell's Gravitas          Tloc           2%         N/A       41%         3
 Lesser Beckoning         Tloc           2%         N/A       41%         3
 Teleport Other           Tloc           2%         N/A       41%         3
 Animate Armour           Summ/Erth      4%         N/A       83%         4
 Blade Hands              Tmut           1%         N/A       99%         5
 Iron Shot                Conj/Erth      8%         9d3       99%         6


Dungeon Overview and Level Annotations

Branches:
Dungeon (4/15)
 Temple: D:4-7

Altars:
Fedhas

Annotations:
D:4 Edmund


Innate Abilities, Weirdness & Mutations

You are a tree.
Your roots penetrate the ground, keeping you stationary.
You cannot be teleported.
You are immune to unholy pain and torment.
Your maximum health is greatly increased.
Your equipment is partially melded.
((You have a beak for a mouth.))
((You have claws for feet.))


Message History

Unknown command.
The searing ray misses Edmund.
Edmund hits you with a +0 flail of protection!
* * * LOW HITPOINT WARNING * * *
Unknown command.
The searing ray hits Edmund.
Edmund is moderately wounded.
Edmund hits you but does no damage.
Unknown command.
Unknown command.
The searing ray hits Edmund.
Edmund is moderately wounded.
You finish channelling your searing ray.
Edmund closely misses you.
Unknown command.
Unknown command.
You aren't carrying any items that you can evoke.
It was a potion of lignification.
You turn into a tree.
Your +0 cloak melds into your body.
Your +0 pair of gloves melds into your body.
Your +0 robe melds into your body.
Your roots penetrate the ground.
Edmund hits you with a +0 flail of protection.
* * * LOW HITPOINT WARNING * * *
You completely miss Edmund.
Edmund is moderately wounded.
Edmund hits you but does no damage.
You barely miss Edmund.
Edmund is moderately wounded.
Edmund hits you with a +0 flail of protection.
* * * LOW HITPOINT WARNING * * *
You hit Edmund but do no damage.
Edmund is moderately wounded.
Edmund hits you but does no damage.
You hit Edmund. You freeze Edmund.
Edmund is heavily wounded.
Edmund barely misses you.
You closely miss Edmund.
Edmund is heavily wounded.
Edmund hits you with a +0 flail of protection!
You die...

#.. #.# #.#
##.## #...#
#...#
#...########
#####...♣@...†.#
#....<.###.###.#
.........# #.#
.. .........#
#+# #.#
≈≈≈##.#... [. ≈≈
#.#..## . .
≈.#..# ≈≈ ...#
... .#..


You could see Edmund.

Vanquished Creatures
  3 adders
  A worm (D:2)
  A dart slug (D:1)
  3 ball pythons
  4 bats
  4 endoplasms
  2 giant cockroaches
  3 goblins
  4 hobgoblins
  6 jackals
  A quokka (D:3)
  A frilled lizard (D:2)
  6 kobolds
  3 rats
42 creatures vanquished.

Notes
Turn   | Place    | Note
-------+----------+-------------------------------------------
     0 | D:1      | gruber the Tengu Conjurer began the quest for the Orb.
     0 | D:1      | Reached XP level 1. HP: 10/10 MP: 4/4
   155 | D:1      | Reached XP level 2. HP: 8/15 MP: 3/6
   550 | D:1      | Reached skill level 6 in Conjurations
   756 | D:1      | Found a faded altar of an unknown god.
   832 | D:1      | Reached XP level 3. HP: 19/19 MP: 5/7
  1290 | D:2      | Learned a level 2 spell: Searing Ray
  2057 | D:3      | Found a blossoming altar of Fedhas.
  2127 | D:3      | Reached XP level 4. HP: 24/24 MP: 6/8
  2284 | D:3      | Reached skill level 7 in Conjurations
  2529 | D:4      | Noticed Edmund
  2547 | D:4      | Slain by Edmund

Illustrated notes

Levels and vault maps discovered:
D:1:      heliophobic_arrival_ceremonial_halls, layout_basic,
          hellmonk_ecumenical_altar_arch_garden
D:2:      layout_basic, kennysheep_cross_bottleneck
D:3:      layout_basic, fedhas_altar_1, chequers_serial_rivers_room_a,
          hangedman_decor_opposing
D:4:      layout_loops_cross, lemuel_doored_altar,
          cheibrodos_sewer_entry_sluice, minmay_ogre_servants, uniq_edmund

Skill      XL: |  1  2  3  4 |
---------------+-------------+-----
Conjurations   | 6 7 |  7.0
Dodging        | |  2.1
Stealth        | |  2.0
Spellcasting   | |  2.6

Action                   |  1- 3 |  4- 6 || total
-------------------------+-------+-------++-------
Melee: Short sword       |     5 |     5 ||    10
       Kick              |     1 |       ||     1
       Peck              |     1 |       ||     1
 Cast: Magic Dart        |    78 |    11 ||    89
       Searing Ray       |       |     1 ||     1
  Use: Potion            |       |     1 ||     1
Armor: Robe              |     1 |     2 ||     3
       Skin              |       |     2 ||     2
Dodge: Dodged            |    12 |     2 ||    14

Table legend: (Time is in decaauts)
 A = Elapsed time spent in this place.
 B = Non-inter-level travel time spent in this place.
 C = Inter-level travel time spent in this place.
 D = Time resting spent in this place.
 E = Time spent auto-exploring this place.
 F = Levels seen in this place.
 G = Mean time per level.
                   A        B        C        D        E       F      G
               +--------+--------+--------+--------+--------+-----+--------+
         Total |   2546 |   2430 |    116 |      0 |   2192 |   4 |  636.5 |
       Dungeon |   2546 |   2430 |    116 |      0 |   2192 |   4 |  636.5 |
               +--------+--------+--------+--------+--------+-----+--------+

Top non-repeatable levels by time:
     D:1: 1067 daAuts
     D:2: 920 daAuts
     D:3: 530 daAuts
     D:4: 28 daAuts
